 Dungeon Crawl Stone Soup version 0.26-a0-597-gb535b0901c (webtiles) character file.

Game seed: 15673250635234370975

342 Rurisku the Grave Robber (level 6, -1/49 HPs)
             Began as a Deep Dwarf Necromancer on Aug 25, 2020.
             Slain by a centaur (6 damage)
             ... on level 5 of the Dungeon.
             The game lasted 01:23:07 (3952 turns).

Rurisku the Grave Robber (Deep Dwarf Necromancer)   Turns: 3952, Time: 01:23:11

Health: -1/49      AC:  2    Str: 11    XL:     6   Next: 30%
Magic:  3/11       EV: 13    Int: 17    God:
Gold:   160        SH:  0    Dex: 14    Spells: 3/12 levels left

rFire    . . .     SeeInvis .   j - +2 whip (freeze)
rCold    . . .     Faith    .   (no shield)
rNeg     . . .     Spirit   .   a - +0 robe
rPois    .         Reflect  .   (no helmet)
rElec    .         Harm     .   (no cloak)
rCorr    .                      (no gloves)
MR       .....                  (no boots)
Stlth    ++........             (no amulet)
HPRegen  0.00/turn              (no ring)
MPRegen  0.12/turn              (no ring)

@: non-regenerating
A: damage resistance, heal wounds, sense surroundings 1, no regeneration
a: Heal Wounds


You were on level 5 of the Dungeon.
You visited 1 branch of the dungeon, and saw 5 of its levels.

You collected 160 gold pieces.

Inventory:

Hand Weapons
 b - a +0 falchion
 j - a +2 whip of freezing (weapon)
 k - a +0 dagger
 o - a +0 spear
 p - a +0 whip
 s - a +0 hand axe
 u - a +1 hunting sling
 w - a +0 short sword
 A - a +0 long sword
Missiles
 c - 27 bolts (quivered)
 e - 124 stones
 v - 57 sling bullets
 B - 13 arrows
 E - 6 boomerangs
Armour
 a - a +0 robe (worn)
 d - a +0 leather armour
 f - a +0 pair of boots
 n - a +0 robe
 r - a cursed +0 robe
 y - a +0 leather armour
Jewellery
 i - an uncursed ring of protection from cold {unknown}
 l - an uncursed ring of protection from magic {unknown}
 x - a cursed -4 ring of protection {unknown}
 z - an uncursed ring of flight {unknown}
Wands
 q - a wand of iceblast (10)
 C - a wand of digging (4)
Scrolls
 m - a scroll of fog
 t - 2 scrolls of magic mapping
 D - a scroll of amnesia
Potions
 g - a potion of lignification {unknown}
 h - 2 potions of cancellation
 F - a potion of stabbing {unknown}
 H - 2 potions of ambrosia
 I - a potion of degeneration {unknown}


   Skills:
 + Level 0.4 Slings
 + Level 2.4 Dodging
 + Level 2.9 Stealth
 + Level 3.6 Spellcasting
 + Level 6.8 Necromancy
 + Level 0.6 Evocations


You had 3 spell levels left.
You knew the following spells:

 Your Spells              Type           Power        Failure   Level
a - Pain                  Necr           ####         1%          1
b - Animate Skeleton      Necr           ####..       1%          1
c - Vampiric Draining     Necr           ####......   3%          3
d - Animate Dead          Necr           ####......   10%         4

Your spell library contained the following spells:

 Spells                   Type           Power        Failure   Level
 Agony                    Necr           ####....     26%         5


Dungeon Overview and Level Annotations

Branches:
Dungeon (5/15)
 Temple: D:4-7

Altars:
Gozag
Kikubaaqudgha

Shops:
D:4 (


Innate Abilities, Weirdness & Mutations

You are resistant to damage.
You can heal yourself by infusing magical energy.
You passively map a small area around you.
You do not regenerate.


Message History

The centaur is no longer paralysed.
The centaur hits you.
You see here a +0 giant club.
The centaur closely misses you. x2
Aiming: Paralyse
Press: ? - help, Shift-Dir - straight line, f/p - centaur
Aim: a centaur, quivering 19 arrows (moderately wounded, chance to defeat MR: 48%)
The centaur resists with some effort.
The centaur hits you.
Aiming: Paralyse
Press: ? - help, Shift-Dir - straight line, f/p - centaur
Aim: a centaur, quivering 19 arrows (moderately wounded, chance to defeat MR: 48%)
The centaur resists with some effort.
The centaur hits you.
* * * LOW HITPOINT WARNING * * *
The centaur hits you!
* * * LOW HITPOINT WARNING * * *
Aiming: Paralyse
Press: ? - help, Shift-Dir - straight line, f/p - centaur
Aim: a centaur, quivering 19 arrows (moderately wounded, chance to defeat MR: 48%)
The centaur resists with some effort.
The now-empty wand crumbles to dust.
The centaur hits you!
You die...

#.##.#
#....# *
#....#
##....## ,*
#......
##,###.)..#
,
#..#......#*
#...!.@...#
,
#####.c)#.#
, ##....##.#
#.......#
##..###.#
#..# #
###.##
##....####
#...##...#


You could see a centaur.

Vanquished Creatures
  An ogre (D:5)
  A scorpion (D:5)
  4 worker ants
  4 adders
  A worker ant zombie (D:4)
  A worm (D:2)
  2 dart slugs (D:1)
  2 leopard geckos
  2 orcs (D:4)
  3 bats
  2 giant cockroaches (D:1)
  7 goblins
  4 hobgoblins
  5 jackals
  4 quokkas
  5 frilled lizards
  A jackal skeleton (D:5)
  9 kobolds
  A quokka skeleton (D:4)
  5 rats
64 creatures vanquished.

Vanquished Creatures (collateral kills)
  An adder (D:2)
  A giant cockroach (D:2)
  2 kobolds
4 creatures vanquished.

Vanquished Creatures (others)
  6 toadstools (D:2)
6 creatures vanquished.

Grand Total: 74 creatures vanquished

Notes
Turn   | Place    | Note
-------+----------+-------------------------------------------
     0 | D:1      | Rurisku the Deep Dwarf Necromancer began the quest for the
                  | Orb.
     0 | D:1      | Reached XP level 1. HP: 15/15 MP: 3/3
    17 | D:1      | Learned a level 1 spell: Animate Skeleton
   386 | D:1      | Reached XP level 2. HP: 20/22 MP: 1/4
  1202 | D:2      | Reached XP level 3. HP: 18/28 MP: 0/6
  1374 | D:2      | Reached skill level 5 in Necromancy
  1435 | D:2      | Learned a level 3 spell: Vampiric Draining
  1867 | D:2      | Reached XP level 4. HP: 26/36 MP: 3/8
  1988 | D:2      | Found an ancient bone altar of Kikubaaqudgha.
  2667 | D:3      | Found an opulent altar of Gozag.
  3155 | D:4      | Reached skill level 6 in Necromancy
  3291 | D:4      | Found Sykesy's Antique Weapon Shop.
  3402 | D:4      | Reached XP level 5. HP: 27/42 MP: 4/9
  3409 | D:4      | Learned a level 4 spell: Animate Dead
  3781 | D:5      | Entered Level 5 of the Dungeon
  3930 | D:5      | Noticed an ogre
  3930 | D:5      | Noticed a centaur
  3947 | D:5      | Killed an ogre
  3947 | D:5      | Reached XP level 6. HP: 22/49 MP: 2/11
  3952 | D:5      | Slain by a centaur

Illustrated notes

Levels and vault maps discovered:
D:1:      dpeg_arrival_rooms_a, layout_basic
D:2:      cheibrodos_fertilizer, layout_basic, nicolae_overflow_hidden_temple
D:3:      layout_basic, grunt_gozag_breadcrumbs
D:4:      layout_gridville, serial_shops, nicolae_shop_statue_plus
D:5:      layout_layer_cave, old_standard_altar, minmay_temple_entry_trees

Skill      XL: |  1  2  3  4  5 |
---------------+----------------+-----
Spellcasting   | 2 3 |  3.6
Necromancy     | 5 6 |  6.8
Slings         | |  0.4
Dodging        | |  2.4
Stealth        | |  2.9
Evocations     | |  0.6

Action                   |  1- 3 |  4- 6 || total
-------------------------+-------+-------++-------
Melee: Whip              |       |     7 ||     7
 Fire: Hunting sling     |       |     8 ||     8
 Cast: Pain              |    79 |    56 ||   135
       Animate Skeleton  |    19 |    11 ||    30
       Vampiric Draining |     1 |     5 ||     6
Evoke: Wand              |       |    11 ||    11
  Use: Scroll            |       |    11 ||    11
       Potion            |       |     3 ||     3
 Stab: Paralysed         |       |     5 ||     5
Armor: Robe              |     6 |     3 ||     9
Dodge: Dodged            |    24 |    21 ||    45

Table legend: (Time is in decaauts)
 A = Elapsed time spent in this place.
 B = Non-inter-level travel time spent in this place.
 C = Inter-level travel time spent in this place.
 D = Time resting spent in this place.
 E = Time spent auto-exploring this place.
 F = Levels seen in this place.
 G = Mean time per level.
                   A        B        C        D        E       F      G
               +--------+--------+--------+--------+--------+-----+--------+
         Total |   3952 |   3952 |      0 |     56 |      0 |   5 |  790.4 |
       Dungeon |   3952 |   3952 |      0 |     56 |      0 |   5 |  790.4 |
               +--------+--------+--------+--------+--------+-----+--------+

Top non-repeatable levels by time:
     D:1: 1131 daAuts
     D:4: 1014 daAuts
     D:2: 1008 daAuts
     D:3: 626 daAuts
     D:5: 171 daAuts
